 Dungeon Crawl Stone Soup version 0.24.1-14-gf8d2b509d9 (webtiles) character file.

Game seed: 2975939758747893884, levelgen mode: deterministic

53 billz999 the Charmwright (level 3, -1/26 HPs)
             Began as an Octopode Skald on Jan 17, 2021.
             Killed by nerve-wracking pain
             ... invoked by an orc priest
              (10 damage)
             ... on level 2 of the Dungeon.
             The game lasted 00:05:01 (1820 turns).

billz999 the Charmwright (Octopode Skald)           Turns: 1820, Time: 00:05:03

Health: -1/26      AC:  1    Str: 11    XL:     3   Next: 87%
Magic:  3/6        EV: 13    Int: 15    God:
Gold:   81         SH:  0    Dex: 11    Spells: 1/6 levels left

rFire    . . .     SeeInvis .   g - +2 dagger (venom)
rCold    . . .     Gourm    .   (no shield)
rNeg     . . .     Faith    .   (helmet restricted)
rPois    .         Spirit   .   (no amulet)
rElec    .         Reflect  .   (no ring)
rCorr    .         Harm     .   (no ring)
MR       .....                  (no ring)
Stlth    +++.......             (no ring)
HPRegen  0.08/turn              (no ring)
MPRegen  0.10/turn              (no ring)
                                (no ring)
                                (no ring)

@: shrouded, infused
A: almost no armour, stealthy swim, amphibious, 8 rings, constrict 8, camouflage
1, gelatinous body 1
a: no special abilities


You were on level 2 of the Dungeon.
You were not hungry.

You visited 1 branch of the dungeon, and saw 3 of its levels.

You collected 81 gold pieces.

Inventory:

Hand Weapons
 a - a +0 spear
 g - a +2 dagger of venom (weapon)
Missiles
 d - 59 stones (quivered)
 l - 24 poisoned darts
Scrolls
 f - a scroll of random uselessness {unknown}
 k - a scroll of teleportation {unknown}
 m - 2 scrolls of remove curse {unknown}
 n - 2 scrolls of identify {unknown}
 p - 4 scrolls of magic mapping {unknown}
 q - a scroll of fog {unknown}
 s - a scroll of amnesia {unknown}
Potions
 b - 3 potions of lignification {unknown}
 e - 2 potions of curing {unknown}
 i - a potion of magic {unknown}
 j - a potion of heal wounds {unknown}
 o - a potion of cancellation {unknown}
 r - a potion of berserk rage {unknown}
Comestibles
 c - 3 rations


   Skills:
 - Level 3.0 Fighting
 - Level 1.0 Short Blades
 - Level 2.1 Polearms
 - Level 2.3 Dodging
 + Level 1.6 Stealth
 + Level 2.3 Spellcasting
 - Level 3.0 Charms


You had one spell level left.
You knew the following spells:

 Your Spells              Type           Power        Failure   Level  Hunger
a - Infusion              Chrm           ##..         6%          1    #......
b - Song of Slaying       Chrm           ##......     10%         2    ###....
c - Shroud of Golubria    Chrm/Tloc      #.....       17%         2    ###....

Your spell library contained the following spells:

 Spells                   Type           Power        Failure   Level  Hunger
 Regeneration             Chrm/Necr      #.........   34%         3    ###....
 Spectral Weapon          Hex/Chrm       #.......     34%         3    ###....


Dungeon Overview and Level Annotations

Branches:
Dungeon (3/15)

Altars:


Innate Abilities, Weirdness & Mutations

You cannot wear most types of armour.
You are very stealthy in the water. (Stealth+)
You are amphibious.
You can wear up to eight rings at the same time.
You can use your tentacles to constrict eight enemies at once.
Your skin changes colour to match your surroundings (Stealth+).
Your rubbery body absorbs attacks. (AC +1, EV +1)


Message History

You begin infusing your attacks with magical energy.
The orc priest invokes the aid of Beogh against you.
Beogh smites you!
Ouch! That really hurt!
Your shroud bends the orc's attack away.
You closely miss the orc priest. You grab the orc priest.
You squeeze the orc priest, but do no damage.
You constrict the orc priest, but do no damage.
The orc priest barely misses you.
You hit the orc priest but do no damage.
You constrict the orc priest, but do no damage.
The orc misses you. The orc priest misses you.
You hit the orc priest but do no damage.
The orc priest is poisoned.
You squeeze the orc priest!
The orc priest is heavily wounded.
You constrict the orc priest, but do no damage.
The orc barely misses you.
The orc priest calls down the wrath of Beogh upon you.
Pain shoots through your body!
You die...

#.# #.# #.# #.# #.# #.#
#.# #.# ###.# #.# ...รท#
#(# ###.##########.######
###.....<........o..#####
................@o......#
###.##.#.##.#..###...####
###.##.#.##.#..# #...#
...............# #...#
###............###...#
....##.###.##....#...#
###.##.# #.##........#
###.##.###.##.#..#..###
.......##..........(..###


You could see an orc priest and an orc.

Vanquished Creatures
  An adder (D:2)
  An ooze (D:1)
  A worm (D:2)
  A dart slug (D:1)
  A leopard gecko (D:2)
  A ball python (D:2)
  A giant cockroach (D:2)
  3 goblins
  6 hobgoblins
  8 bats
  2 frilled lizards
  7 rats
33 creatures vanquished.

Notes
Turn   | Place    | Note
-------+----------+-------------------------------------------
     0 | D:1      | billz999 the Octopode Skald began the quest for the Orb.
     0 | D:1      | Reached XP level 1. HP: 14/14 MP: 3/3
   538 | D:1      | Reached XP level 2. HP: 19/19 MP: 1/5
  1045 | D:2      | Reached skill level 1 in Short Blades
  1045 | D:2      | Reached XP level 3. HP: 26/26 MP: 6/6
  1076 | D:2      | Learned a level 2 spell: Song of Slaying
  1079 | D:2      | Learned a level 2 spell: Shroud of Golubria
  1311 | D:2      | Reached skill level 1 in Stealth
  1820 | D:2      | Killed from afar by an orc priest

Levels and vault maps discovered:
D:1:      minmay_arrival_shattered_statue, layout_basic
D:2:      layout_basic, nrook_mini_vaults, kennysheep_minor_cross
D:3:      layout_basic, first_ration, uniq_natasha

Skill      XL: |  1  2  3 |
---------------+----------+-----
Fighting       | 3 |  3.0
Short Blades   | 1 |  1.0
Stealth        | 1 |  1.6
Polearms       | |  2.1
Dodging        | |  2.3
Spellcasting   | |  2.3
Charms         | |  3.0

Action                   || total
-------------------------++-------
Melee: Spear             ||    18
       Constrict         ||    15
       Tentacles         ||    11
       Dagger            ||    42
Throw: Stone             ||     1
 Cast: Infusion          ||    10
       Shroud of Golubri ||     1
 Stab: Sleeping          ||     7
  Eat: Chunk             ||     3
Armor: Skin              ||     4
Dodge: Dodged            ||    36
